 Dungeon Crawl Stone Soup version 0.32-a0-42-ga30500b4d3 (webtiles) character file.

Game seed: 13433851762361854339

20 JWK the Slasher (level 2, 0/29 HPs)
             Began as a Gnoll Chaos Knight on Feb 2, 2024.
             Was a Plaything of Xom.
             Slain by a wolf (3 damage)
             ... on level 2 of the Dungeon.
             The game lasted 00:05:16 (1007 turns).

JWK the Slasher (Gnoll Chaos Knight)                Turns: 1007, Time: 00:05:17

Health: 0/29       AC:  5    Str: 11    XL:     2   Next: 79%
Magic:  2/2        EV: 12    Int: 11    God:    Xom [....*.]
Gold:   74         SH:  0    Dex: 11    Spells: 2/2 levels left

rFire   . . .        a - +0 falchion (chaos)
rCold   . . .        f - orb {mayhem}
rNeg    . . .        b - +2 leather armour
rPois   .            (no helmet)
rElec   .            (no cloak)
rCorr   .            (no gloves)
SInv    .            (no boots)
Will    .....        (no amulet)
Stlth   +            (no ring)
HPRegen 0.24/turn    (no ring)
MPRegen 0.08/turn

%: mayhem
@: no status effects
A: fangs 1, strong nose, distributed training
a: Renounce Religion


You were on level 2 of the Dungeon.
You worshipped Xom.
You were a beloved toy of Xom.
You visited 1 branch of the dungeon, and saw 2 of its levels.

You collected 74 gold pieces.

Inventory:

Hand Weapons
 a - a +0 falchion of chaos (weapon)
Armour
 b - a +2 leather armour (worn)
 f - an orb of mayhem (worn)
Jewellery
 e - a ring of see invisible
Scrolls
 c - a scroll of butterflies
 i - a scroll of teleportation {unknown}
Potions
 d - 3 potions of curing {unknown}
 g - 2 potions of mutation {unknown}
 h - a potion of haste {unknown}


   Skills:
 + Level 6.5 Fighting
 + Level 0.5 Short Blades
 + Level 6.5 Long Blades
 + Level 0.5 Axes
 + Level 0.5 Maces & Flails
 + Level 0.5 Polearms
 + Level 0.5 Staves
 + Level 0.5 Ranged Weapons
 + Level 0.5 Throwing
 + Level 4.5 Armour
 + Level 2.5 Dodging
 + Level 0.5 Stealth
 + Level 0.5 Shields
 + Level 0.5 Unarmed Combat
 + Level 0.5 Spellcasting
 + Level 0.4 Conjurations
 + Level 0.4 Hexes
 + Level 0.4 Summonings
 + Level 0.4 Necromancy
 + Level 0.4 Translocations
 + Level 0.4 Fire Magic
 + Level 0.4 Ice Magic
 + Level 0.4 Air Magic
 + Level 0.4 Earth Magic
 + Level 0.4 Alchemy
 + Level 0.7 Invocations
 + Level 0.5 Evocations
 + Level 0.5 Shapeshifting


You had 2 spell levels left.
You didn't know any spells.
Your spell library was empty.

Dungeon Overview and Level Annotations

Branches:
Dungeon (2/15)

Altars:

Shops:
D:1 ?


Innate Abilities, Weirdness & Mutations

You have very sharp teeth.
Your uncanny sense of smell can sniff out nearby items.
Your experience applies equally to all skills.


Message History

The rat evaporates and reforms as a wolf!
The wolf bites you! The wolf closely misses you. x2
The wolf barely misses you.
You hit the wolf. You burn the wolf.
The wolf is moderately wounded.
The wolf closely misses you. The wolf bites you.
You hit the wolf.
The wolf is heavily wounded.
The wolf bites you. The wolf barely misses you.
You barely miss the wolf.
The wolf is heavily wounded.
The wolf bites you.
You closely miss the wolf.
The wolf is heavily wounded.
The wolf barely misses you. The wolf closely misses you.
You miss the wolf.
The wolf is heavily wounded.
The wolf completely misses you. The wolf bites you.
The wolf attacks as it pursues you! The wolf bites you.
You miss the wolf.
The wolf is heavily wounded.
The wolf completely misses you. The wolf misses you.
You hit the wolf.
The wolf becomes as fragile as glass!
Your bite misses the wolf.
The wolf is heavily wounded.
The wolf bites you!
* * * LOW HITPOINT WARNING * * *
The wolf barely misses you.
You hit the wolf. You freeze the wolf.
The wolf is severely wounded.
The wolf completely misses you. The wolf barely misses you. The wolf bites you.
* * * LOW HITPOINT WARNING * * *
There is a stone staircase leading down here.
The wolf attacks as it pursues you! The wolf barely misses you.
The wolf bites you.
You die...
Xom roars with laughter!

#...# ###.##.#
########.##.# #........##.#
##.#########.#
######...###### #.# #
#......#......# #.####.####
#.####...####.###..........
#.# ##>###@h..............
#.# #.# #.#.#############
#.# #.###.#.# #.# #.....#.#
#.# #######.# #.# #.# #.#
#.# #.# #.# #.###########.#


You could see a wolf (vitrified).

Vanquished Creatures
  A dart slug (D:1)
  An endoplasm (D:2)
  A hobgoblin (D:2)
  A kobold (D:1)
  2 quokkas (D:1)
  4 ball pythons (D:1)
  A bat (D:1)
  A frilled lizard (D:1)
  2 goblins (D:1)
  4 rats (D:1)
18 creatures vanquished.

Notes
Turn   | Place    | Note
-------+----------+-------------------------------------------
     0 | D:1      | JWK the Gnoll Chaos Knight began the quest for the Orb.
     0 | D:1      | Reached XP level 1. HP: 23/23 MP: 1/1
   147 | D:1      | Found Puekiniu's Magic Scroll Shop.
   273 | D:1      | XOM: divination: detect items
   280 | D:1      | XOM: potion effect (might)
   292 | D:1      | Reached XP level 2. HP: 27/29 MP: 2/2
   991 | D:2      | a rat changed into a wolf
   991 | D:2      | Noticed a wolf
   991 | D:2      | XOM: polymorph rat -> wolf
  1007 | D:2      | Slain by a wolf

Illustrated notes

Levels and vault maps discovered:
D:1:      enne_arrival_octagon_isle, layout_basic, serial_shops, shop,
          nrook_loot_triangle
D:2:      layout_loops_ring, cheibrodos_gnoll_hut

Action                     || total
---------------------------++-------
  Melee: Falchion          ||    38
         Bite              ||     2
 Armour: Leather armour    ||    27
  Dodge: Dodged            ||    51

Table legend: (Time is in decaauts)
 A = Elapsed time spent in this place.
 B = Non-inter-level travel time spent in this place.
 C = Inter-level travel time spent in this place.
 D = Time resting spent in this place.
 E = Time spent auto-exploring this place.
 F = Levels seen in this place.
 G = Mean time per level.
                   A        B        C        D        E       F      G
               +--------+--------+--------+--------+--------+-----+--------+
         Total |   1007 |   1007 |      0 |      0 |      0 |   2 |  503.5 |
       Dungeon |   1007 |   1007 |      0 |      0 |      0 |   2 |  503.5 |
               +--------+--------+--------+--------+--------+-----+--------+

Top non-repeatable levels by time:
     D:1: 822 daAuts
     D:2: 185 daAuts
